 Dungeon Crawl Stone Soup version 0.25-a0-589-g1e14c54 (webtiles) character file.

Game seed: 5958871991506502560, levelgen mode: deterministic

11697 robertstho the Cleaver (level 11, 0/104 HPs)
             Began as a Minotaur Berserker on Mar 9, 2020.
             Was a High Priest of Trog.
             Slain by a gnoll
             ... wielding a +2 halberd of electrocution
              (4 damage)
             ... in a bailey.
             The game lasted 00:13:51 (8315 turns).

robertstho the Cleaver (Minotaur Berserker)         Turns: 8315, Time: 00:13:51

Health: 0/104      AC: 18    Str: 23    XL:     11   Next: 52%
Magic:  10/10      EV: 10    Int:  5    God:    Trog [*****.]
Gold:   3792       SH:  0    Dex: 11    Spells: 10/10 levels left

rFire    . . .     SeeInvis .   F - +5 bardiche (flame)
rCold    . . .     Gourm    .   (shield currently unavailable)
rNeg     . . .     Faith    .   C - +1 chain mail {MR+}
rPois    +         Spirit   .   (helmet restricted)
rElec    .         Reflect  .   (no cloak)
rCorr    +         Harm     .   s - +1 pair of gloves
MR       +....                  v - +1 pair of boots
Stlth    ..........             (no amulet)
HPRegen  0.27/turn              r - ring of resist corrosion
MPRegen  0.12/turn              u - ring of poison resistance

@: studying Armour
A: retaliatory headbutt, horns 2
a: Berserk, Trog's Hand, Brothers in Arms, Renounce Religion


You were in a bailey.
You worshipped Trog.
Trog was extremely pleased with you.
You were not hungry.

You visited 1 branch of the dungeon, and saw 11 of its levels.
You also visited: Bailey.

You collected 4520 gold pieces.
You spent 728 gold pieces at shops.

Inventory:

Hand Weapons
 f - a +2 spear of freezing
 k - a +3 battleaxe
 x - a +6 broad axe of electrocution
 F - a +5 bardiche of flaming (weapon)
Armour
 s - a +1 pair of gloves (worn)
 v - a +1 pair of boots (worn)
 C - a +1 chain mail of magic resistance (worn)
Jewellery
 d - an uncursed amulet of harm {unknown}
 r - a ring of resist corrosion (left hand)
 u - a ring of poison resistance (right hand)
 D - an uncursed amulet of magic regeneration
Wands
 i - a wand of digging (8)
 w - a wand of random effects (10)
 A - a wand of iceblast (20)
 H - a wand of clouds (3)
 I - a wand of disintegration (8)
 K - a wand of scattershot (2)
Scrolls
 a - 2 scrolls of fog
 g - 6 scrolls of teleportation
 h - 6 scrolls of enchant weapon
 l - 5 scrolls of remove curse
 n - a scroll of holy word
 p - 2 scrolls of blinking
 t - a scroll of enchant armour
 y - a scroll of magic mapping
 G - a scroll of fear
 J - 3 scrolls of identify
 L - a scroll of summoning {unknown}
Potions
 b - 4 potions of curing
 e - a potion of lignification
 j - 7 potions of heal wounds
 m - a potion of ambrosia
 o - 5 potions of haste
 z - a potion of stabbing
 B - a potion of mutation
Books
 q - a manual of Armour
Comestibles
 c - 26 rations
 E - 21 chunks of flesh


   Skills:
 * Level 12.0 Fighting
 + Level 12.5(13.3) Axes
 + Level 7.5(11.0) Polearms
 * Level 11.8 Armour
 + Level 4.9 Dodging
 + Level 1.1 Stealth


You had 10 spell levels left.
You didn't know any spells.
Your spell library was empty.

Dungeon Overview and Level Annotations

Branches:
Dungeon (11/15)            Temple (0/1) D:6            Lair (0/6) D:10
    Orc (0/2) D:11         Bailey (1/1)

Altars:
Ashenzari
Cheibriados
Fedhas
Hepliaklqana
Kikubaaqudgha
Nemelex Xobeh
Trog
Xom
Zin
The Shining One

Shops:
D:6 *   D:10 *}


Innate Abilities, Weirdness & Mutations

You reflexively headbutt those who attack you in melee.
You have a pair of horns on your head.


Message History

You headbutt the orc warrior! The gnoll closely misses you.
The orc warrior closely misses you.
You closely miss the orc warrior. Your headbutt misses the orc warrior.
The orc warrior is moderately wounded.
The gnoll hits you from afar with a +2 halberd of electrocution.
You are electrocuted!
* * * LOW HITPOINT WARNING * * *
The orc warrior barely misses you. The gnoll barely misses you.
You slash the orc warrior! You burn the orc warrior.
Your headbutt misses the orc warrior.
The orc warrior is almost dead.
The orc warrior hits you with a +0 flail!!
* * * LOW HITPOINT WARNING * * *
The gnoll misses you.
You closely miss the orc warrior.
The orc warrior is severely wounded.
The orc warrior hits you with a +0 flail.
* * * LOW HITPOINT WARNING * * *
The gnoll hits you from afar with a +2 halberd of electrocution.
You die...

### ### #####
### #)# .# #.
#g#.# #.###.#
#'##'##K#
#'##'##'##
#.....#
#..)(.##
##.....
###...(.###
.'..⌠..
#.'..⌠§.'.#
#...gg
###.....###
#...Ko##
##...§.##
#@###'##'##'##
##.'.###.###.#
##### ### ###


You could see an orc warrior, a gnoll, a hobgoblin and a kobold.

Vanquished Creatures
  Harold (D:8)
  2 two-headed ogres
  The ghost of MinDuChiJDG the Basher, a novice MiBe of Trog (D:8)
  Nergalle (D:10)
  Psyche (D:8)
  Joseph (D:7)
  Maggie (D:6)
  A gargoyle (D:9)
  A troll (D:10)
  A hornet (D:8)
  A hippogriff (D:11)
  A wyvern (D:9)
  3 hogs (D:7)
  7 yaks
  A human (D:7)
  2 wargs (D:11)
  A porcupine (D:10)
  Duvessa (D:7)
  3 ice beasts
  4 orc warriors
  6 ogres
  2 sky beasts
  A crocodile (D:10)
  A big kobold (D:8)
  8 bullfrogs
  A wyvern zombie (D:10)
  Dowan (D:7)
  7 scorpions
  4 killer bees (D:9)
  9 wights
  3 howler monkeys (D:8)
  4 bullfrog zombies
  3 crimson imps
  A quasit (D:8)
  4 hounds
  4 jellies
  4 orc priests
  2 bullfrog skeletons
  5 orc wizards
  2 centaur skeletons
  Natasha (thrice) (D:4)
  3 iguanas
  3 worker ants
  A hound skeleton (D:7)
  15 gnolls
  11 adders
  An adder skeleton (D:6)
  An adder zombie (D:9)
  2 worms
  4 dart slugs
  2 leopard geckos
  52 orcs
  3 bats
  5 giant cockroaches
  9 goblins
  16 hobgoblins
  5 jackals
  4 quokkas
  2 ball pythons (D:3)
  3 frilled lizards
  16 kobolds
  8 rats
  A plant (D:10)
277 creatures vanquished.

Vanquished Creatures (collateral kills)
  3 gnolls (Bailey)
  2 hobgoblins (Bailey)
  A kobold (Bailey)
6 creatures vanquished.

Grand Total: 283 creatures vanquished

Notes
Turn   | Place    | Note
-------+----------+-------------------------------------------
     0 | D:1      | robertstho the Minotaur Berserker began the quest for the
                  | Orb.
     0 | D:1      | Reached XP level 1. HP: 19/19 MP: 0/0
   157 | D:1      | Reached XP level 2. HP: 20/27 MP: 1/1
   754 | D:2      | Reached XP level 3. HP: 17/33 MP: 2/2
   986 | D:2      | Reached ** piety under Trog
  1467 | D:3      | Reached XP level 4. HP: 39/41 MP: 3/3
  1507 | D:3      | Reached skill level 5 in Fighting
  1538 | D:3      | Found a snail-covered altar of Cheibriados.
  1589 | D:3      | Reached skill level 1 in Polearms
  1595 | D:3      | Reached XP level 5. HP: 45/48 MP: 4/4
  1627 | D:3      | Found a shattered altar of Ashenzari.
  1755 | D:3      | Reached *** piety under Trog
  2332 | D:4      | Reached XP level 6. HP: 49/57 MP: 5/5
  2759 | D:4      | Noticed Natasha
  2763 | D:4      | Killed Natasha
  2807 | D:4      | Noticed Natasha
  2819 | D:4      | Killed Natasha
  2819 | D:4      | Reached XP level 7. HP: 57/64 MP: 6/6
  2954 | D:4      | Noticed Natasha
  2963 | D:4      | Killed Natasha
  3075 | D:5      | Entered Level 5 of the Dungeon
  3164 | D:5      | Found a shimmering altar of Xom.
  3322 | D:5      | Reached skill level 5 in Armour
  3992 | D:5      | Found a glowing golden altar of the Shining One.
  4163 | D:5      | Found a sparkling altar of Nemelex Xobeh.
  4164 | D:5      | Found a blossoming altar of Fedhas.
  4271 | D:6      | Noticed Maggie
  4283 | D:6      | Killed Maggie
  4283 | D:6      | Reached skill level 5 in Polearms
  4283 | D:6      | Reached XP level 8. HP: 48/73 MP: 7/7
  4405 | D:6      | Found a staircase to the Ecumenical Temple.
  4499 | D:6      | Reached **** piety under Trog
  4922 | D:6      | Found Tisenesk's General Store.
  4930 | D:6      | Bought a scroll of identify for 22 gold pieces
  4982 | D:7      | Reached skill level 5 in Axes
  4988 | D:7      | Reached XP level 9. HP: 53/82 MP: 8/8
  5041 | D:7      | Noticed Joseph
  5050 | D:7      | Killed Joseph
  5164 | D:7      | Found a shimmering altar of Xom.
  5229 | D:7      | Noticed Dowan
  5232 | D:7      | Noticed Duvessa
  5238 | D:7      | Killed Duvessa
  5239 | D:7      | Killed Dowan
  5620 | D:7      | Found an ancient bone altar of Kikubaaqudgha.
  5624 | D:7      | Found a glowing silver altar of Zin.
  5627 | D:7      | Found a hazy altar of Hepliaklqana.
  5813 | D:8      | Reached ***** piety under Trog
  5813 | D:8      | Received a gift from Trog
  5838 | D:8      | Found a bloodstained altar of Trog.
  5894 | D:8      | Noticed Psyche
  5900 | D:8      | Killed Psyche
  5948 | D:8      | Reached XP level 10. HP: 75/93 MP: 9/9
  6012 | D:8      | Found a runed translucent gate.
  6012 | D:8      | Found a runed translucent gate.
  6012 | D:8      | Found a runed translucent gate.
  6023 | D:8      | Noticed Harold
  6034 | D:8      | Killed Harold
  6034 | D:8      | Reached skill level 10 in Fighting
  6034 | D:8      | Reached skill level 10 in Axes
  6037 | D:8      | Noticed MinDuChiJDG's ghost (novice MiBe)
  6054 | D:8      | Identified a scroll of acquirement
  6201 | D:8      | Noticed a two-headed ogre
  6207 | D:8      | Killed a two-headed ogre
  6207 | D:8      | Reached skill level 10 in Armour
  6207 | D:8      | Reached skill level 1 in Stealth
  6376 | D:8      | Killed MinDuChiJDG's ghost
  6591 | D:9      | Noticed a gargoyle
  6599 | D:9      | Killed a gargoyle
  6603 | D:9      | Reached XP level 11. HP: 91/102 MP: 10/10
  6883 | D:9      | Noticed a two-headed ogre
  6889 | D:9      | Killed a two-headed ogre
  7141 | D:10     | Entered Level 10 of the Dungeon
  7169 | D:10     | Received a gift from Trog
  7264 | D:10     | Found Imom's General Store.
  7280 | D:10     | Bought a scroll of identify for 30 gold pieces
  7280 | D:10     | Bought a scroll of fear for 52 gold pieces
  7397 | D:10     | Noticed Nergalle
  7402 | D:10     | Killed Nergalle
  7406 | D:10     | Found Lusytesa's Gadget Shoppe.
  7413 | D:10     | Bought a wand of clouds (3) for 273 gold pieces
  7413 | D:10     | Bought a wand of disintegration (8) for 156 gold pieces
  7413 | D:10     | Bought a wand of iceblast (11) for 195 gold pieces
  7538 | D:10     | Found a staircase to the Lair.
  7981 | D:11     | Found a staircase to the Orcish Mines.
  8098 | D:11     | Found a flagged portal.
  8141 | Bailey   | Entered a bailey
  8314 | Bailey   | HP: 5/104 [orc warrior/+0 flail (18)]
  8315 | Bailey   | Slain by a gnoll

Levels and vault maps discovered:
D:1:      co_arrival_random_square_maze, layout_basic
D:2:      layout_basic, first_ration, minmay_split_cup_small
D:3:      layout_basic, nicolae_overflow_crystal_walls,
          cheibrodos_ashenzari_chains
D:4:      layout_basic, uniq_natasha
D:5:      layout_basic, tso_altar, chequers_temple_overflow_statue_of_worship,
          overflow_temple_1_default, serial_bayou_lagoon_a, eino_tiny_chamber
D:6:      layout_loops_ring, minmay_temple_entry_arrows, serial_shops, shop,
          uniq_maggie
D:7:      layout_loops_ring, grunt_temple_overflow_diamond, grunt_livestock,
          kennysheep_diamond, uniq_duvessa, uniq_joseph
D:8:      layout_basic, lemuel_crystal_altar, ebering_ghost_rock_garden,
          uniq_harold, uniq_psyche
D:9:      layout_cave_pods, st_stairs_7
D:10:     layout_gridville, grunt_lair_entry_orc_guard_hut, serial_shops,
          shop_statue, nicolae_shop_stone, uniq_nergalle
D:11:     layout_gridville, david_orc_1_choice, enter_bailey_2
Bailey:   bailey_axe_2, bailey

Skill      XL: |  1  2  3  4  5  6  7  8  9 10 11 |
---------------+----------------------------------+-----
Fighting       | 4 5 6 7 8 9 11 12 | 12.0
Axes           | 4 5 9 11 12 | 12.5
Armour         | 3 4 6 8 9 10 11 | 11.8
Dodging        | 3 4 |  4.9
Polearms       | 1 2 3 5 6 7 |  7.5
Stealth        | 1 |  1.1

Action                   |  1- 3 |  4- 6 |  7- 9 | 10-12 || total
-------------------------+-------+-------+-------+-------++-------
Melee: Hand axe          |    21 |       |       |       ||    21
       Headbutt          |     8 |    14 |    21 |    23 ||    66
       Spear             |    52 |   128 |    85 |       ||   265
       Broad axe         |       |       |   112 |    99 ||   211
       Bardiche          |       |       |       |   112 ||   112
Invok: Berserk           |       |       |     3 |     1 ||     4
       Brothers in Arms  |       |       |       |     1 ||     1
  Use: Scroll            |     2 |       |    13 |     8 ||    23
       Potion            |       |       |       |     1 ||     1
  Eat: Chunk             |     2 |     4 |    13 |     9 ||    28
Armor: Animal skin       |     4 |       |       |       ||     4
       Scale mail        |     2 |    15 |       |       ||    17
       Chain mail        |       |    10 |    19 |   136 ||   165
       Steam dragon scal |       |       |    42 |    17 ||    59
Dodge: Dodged            |    31 |    49 |    92 |   152 ||   324

Table legend:
 A = Non-vault XP
 B = Vault XP
 C = Vault XP percentage of total XP
 D = Non-vault monster count
 E = Vault monster count
 F = Vault count percentage of total count
                 A         B        C        D         E       F
            +---------+---------+-------+---------+---------+-------
      Total |   10150 |    6561 |  39.3 |     222 |      60 |  21.3
            +---------+---------+-------+---------+---------+-------
        D:1 |      22 |       0 |   0.0 |      14 |       0 |   0.0
        D:2 |      61 |       3 |   4.7 |      15 |       3 |  16.7
        D:3 |     279 |       0 |   0.0 |      43 |       0 |   0.0
        D:4 |     459 |      35 |   7.1 |      14 |       1 |   6.7
        D:5 |     342 |       0 |   0.0 |      12 |       0 |   0.0
        D:6 |     549 |     389 |  41.5 |      16 |       1 |   5.9
        D:7 |     510 |    1899 |  78.8 |      19 |      11 |  36.7
        D:8 |    2281 |    2292 |  50.1 |      37 |       3 |   7.5
        D:9 |    3724 |      33 |   0.9 |      32 |       1 |   3.0
       D:10 |    1133 |    1236 |  52.2 |      11 |       5 |  31.2
       D:11 |     790 |     530 |  40.2 |       9 |       9 |  50.0
     Bailey |       0 |     144 | 100.0 |       0 |      26 | 100.0
            +---------+---------+-------+---------+---------+-------
